 Dungeon Crawl Stone Soup version 0.16.1-17-g773cdaf (webtiles) character file.

597 jacksonaction the Changer (level 7, -9/43 HPs)
             Began as an Octopode Transmuter on Apr 21, 2015.
             Engulfed by a cloud of freezing vapour (29 damage)
             ... on level 4 of the Dungeon.
             The game lasted 00:32:43 (3701 turns).

jacksonaction the Changer (Octopode Transmuter)     Turns: 3701, Time: 00:32:51

Health: -9/43      AC:  1    Str:  9    XL:     7   Next: 40%
Magic:  5/12       EV: 12    Int: 15    God:
Gold:   128        SH:  0    Dex: 15    Spells: 3 memorised, 2 levels left

rFire  . . .     SeeInvis .     s - +0 whip (freeze)
rCold  . . .     Clarity  .     (no shield)
rNeg   . . .     SustAb   .     (helmet restricted)
rPois  .         Gourm    .     (no amulet)
rElec  .         Spirit   .     (no ring)
rCorr  .         Warding  .     (no ring)
rMut   .         Stasis   .     (no ring)
MR     .....                    (no ring)
Stlth  ++........               (no ring)
                                (no ring)
                                (no ring)
                                (no ring)

@: very slightly contaminated, not resistant to hostile enchantments, unstealthy
A: almost no armour, amphibious, 8 rings, constrict 8, camouflage 1, gelatinous
body 1
a: no special abilities


You were on level 4 of the Dungeon.
You were very hungry.

You visited 1 branch of the dungeon, and saw 4 of its levels.

You collected 128 gold pieces.

Inventory:

Hand weapons
 s - a +0 whip of freezing (weapon)
Missiles
 b - 32 arrows
 w - 7 needles of paralysis
 x - 2 poisoned tomahawks (quivered)
Jewellery
 q - a +3 ring of protection {unknown}
Magical devices
 r - a wand of paralysis (14)
Scrolls
 c - 3 scrolls of identify {unknown}
 g - a scroll of enchant weapon {unknown}
 k - a scroll of random uselessness {unknown}
 o - 4 scrolls of remove curse {unknown}
 t - a scroll of noise {unknown}
 u - a scroll of blinking {unknown}
 v - a scroll of recharging {unknown}
Potions
 e - 3 potions of restore abilities {unknown}
 f - a potion of brilliance {unknown}
 h - 2 potions of flight {unknown}
 i - 2 potions of curing {unknown}
 l - a potion of cure mutation {unknown}
 n - a potion of lignification {unknown}
 p - a potion of heal wounds {unknown}
Books
 d - a book of Changes

   Spells                             Type                      Level
   a - Beastly Appendage              Transmutation                1
   b - Sticks to Snakes               Transmutation                2
   c - Spider Form                    Transmutation/Poison         3
   d - Ice Form                       Ice/Transmutation            4
   e - Blade Hands                    Transmutation                5
 j - a book of Fire

   Spells                             Type                      Level
   a - Ignite Poison                  Fire/Transmutation           5
   b - Fireball                       Conjuration/Fire             5
   c - Bolt of Fire                   Conjuration/Fire             6
   d - Delayed Fireball               Conjuration/Fire             7
   e - Ring of Flames                 Charms/Fire                  7
Comestibles
 a - 5 bread rations
 m - a meat ration
 z - a chunk of flesh
 A - a slice of pizza


   Skills:
 - Level 1.0 Fighting
 - Level 2.0 Dodging
 - Level 3.0 Unarmed Combat
 - Level 2.0 Spellcasting
 + Level 7.4 Transmutations
 - Level 2.2 Ice Magic
 - Level 1.2 Poison Magic


You had 2 spell levels left.
You knew the following spells:

 Your Spells              Type           Power        Failure   Level  Hunger
a - Beastly Appendage     Trmt           ###...       1%          1    #......
b - Spider Form           Trmt/Pois      ##........   14%         3    ###....
c - Ice Form              Ice/Trmt       ###.....     34%         4    #####..


Dungeon Overview and Level Annotations

Branches:
Dungeon (4/15)
 Temple: D:4-7

Altars:

Annotations:
D:4 Robin


Innate Abilities, Weirdness & Mutations

You cannot wear most types of armour.
You are amphibious.
You can wear up to eight rings at the same time.
You can use your tentacles to constrict many enemies at once.
Your skin changes colour to match your surroundings (Stealth).
Your rubbery body absorbs attacks (AC +1).


Message History

The phantom hits you.
The phantom blinks!
You barely miss the phantom.
The phantom is severely damaged.
The phantom blinks!
You punch the phantom!
The phantom is almost destroyed.
The phantom hits you!
You barely miss the phantom.
The phantom is almost destroyed.
The phantom hits you.
The phantom blinks!
You warm up again.
Your +0 whip of freezing unmelds from your body.
It glows with a cold blue light!
Casting: Ice Form
Confirm with . or Enter, or press ? or * to list all spells.
You miscast Ice Form.
Freezing gasses pour from your tentacles!
You are engulfed in freezing vapours.
Ouch! That really hurt!
You die...

..##.##.)g..##.##
#.................
#####.....#######
#####....[####
#.........<..####.######
###.###.....#)...>.......#..##
#...###.....#..####.####.#....
#.........###§§## #.#.###
#...#####.##§@§.# #)#....
##..#####.##§§§.# . #<#####
#..............# #.####)#
##.##.#####.W..## ...##.##
#.##.#####..... ......
#.##.##.##...### #.##.##
#.##.#.#.#...######.##.##.##
#.....................<.....
####...#..#.#####.....###.#.


You could see a phantom.

Vanquished Creatures
  An ogre (D:4)
  Sigmund (D:4)
  A scorpion (D:4)
  A hound (D:4)
  2 orc priests
  4 orc wizards
  2 hound skeletons (D:4)
  4 adders
  3 worms (D:2)
  2 giant geckos (D:4)
  14 orcs
  4 ball pythons
  7 bats
  6 giant cockroaches
  9 hobgoblins
  16 jackals
  6 kobolds
  3 quokkas (D:3)
  6 giant newts
  18 goblins
  10 rats
120 creatures vanquished.

Notes
Turn   | Place    | Note
--------------------------------------------------------------
     0 | D:1      | jacksonaction, the Octopode Transmuter, began the quest for the Orb.
     0 | D:1      | Reached XP level 1. HP: 13/13 MP: 3/3
   171 | D:1      | Reached XP level 2. HP: 13/18 MP: 4/4
   791 | D:1      | Reached XP level 3. HP: 23/23 MP: 6/6
   796 | D:1      | Learned a level 3 spell: Spider Form
  1227 | D:2      | Reached skill level 4 in Transmutations
  1363 | D:2      | Reached XP level 4. HP: 28/28 MP: 1/7
  1906 | D:3      | Reached skill level 1 in Poison Magic
  2023 | D:3      | Reached skill level 5 in Transmutations
  2023 | D:3      | Reached XP level 5. HP: 28/33 MP: 5/9
  2032 | D:3      | Learned a level 4 spell: Ice Form
  2140 | D:3      | Reached skill level 1 in Ice Magic
  2867 | D:4      | Noticed Robin
  3120 | D:4      | Noticed an ogre
  3134 | D:4      | Killed an ogre
  3134 | D:4      | Reached skill level 6 in Transmutations
  3134 | D:4      | Reached XP level 6. HP: 38/38 MP: 4/10
  3327 | D:4      | Noticed Sigmund
  3364 | D:4      | Killed Sigmund
  3364 | D:4      | Reached XP level 7. HP: 18/43 MP: 9/12
  3637 | D:4      | Reached skill level 7 in Transmutations
  3654 | D:4      | Noticed a phantom
  3701 | D:4      | Engulfed by a cloud of freezing vapour

Action                   |  1- 3 |  4- 6 |  7- 9 || total
-------------------------+-------+-------+-------++-------
Melee: Unarmed           |    83 |   109 |    27 ||   219
       Whip              |       |    66 |     7 ||    73
Throw: Tomahawk          |       |     3 |       ||     3
 Cast: Beastly Appendage |     2 |     1 |       ||     3
       Spider Form       |     4 |    12 |       ||    16
       Ice Form          |       |       |     1 ||     1
 Stab: Sleeping          |     5 |     3 |     1 ||     9
  Eat: Chunk             |     2 |     8 |     1 ||    11
